 Dungeon Crawl Stone Soup version 0.29.1-1-gd02db6906a (webtiles) character file.

Game seed: 4496590810160663952

53 karrick the Covered (level 3, 0/24 HPs)
             Began as a Gargoyle Fighter on Sept 22, 2022.
             Slain by Robin
             ... wielding a +0 whip
              (3 damage)
             ... on level 2 of the Dungeon.
             The game lasted 00:01:38 (1287 turns).

karrick the Covered (Gargoyle Fighter)              Turns: 1287, Time: 00:01:38

Health: 0/24       AC: 10    Str: 19    XL:     3   Next: 89%
Magic:  3/3        EV:  9    Int:  8    God:
Gold:   119        SH:  4    Dex: 11    Spells: 2/2 levels left

rFire   + . .      SeeInvis .   a - +0 flail
rCold   + . .      Faith    .   c - +0 buckler
rNeg    + . .      Spirit   .   b - +0 scale mail
rPois   ∞          Reflect  .   (no helmet)
rElec   +          Harm     .   i - scarf {rC+ rF+}
rCorr   .          Rampage  .   (no gloves)
Will    .....                   (no boots)
Stlth   ..........              (no amulet)
HPRegen 0.08/turn               (no ring)
MPRegen 0.08/turn               (no ring)

@: mighty
A: sickness immunity, AC +3, negative energy resistance 1, electricity
resistance, torment resistance 1, petrification resistance
a: no special abilities


You were on level 2 of the Dungeon.
You visited 1 branch of the dungeon, and saw 2 of its levels.

You collected 119 gold pieces.

Inventory:

Hand Weapons
 a - a +0 flail (weapon)
Armour
 b - a +0 scale mail (worn)
 c - a +0 buckler (worn)
 i - a scarf of resistance (worn)
Jewellery
 f - an amulet of regeneration
Scrolls
 e - 2 scrolls of noise {unknown}
 g - a scroll of amnesia {unknown}
 h - a scroll of butterflies {unknown}
 j - a scroll of teleportation {unknown}


   Skills:
 + Level 3.8 Fighting
 + Level 2.5 Maces & Flails
 + Level 3.8 Armour
 - Level 0.1 Dodging
 + Level 0.2 Stealth
 + Level 3.7 Shields


You had 2 spell levels left.
You didn't know any spells.
Your spell library contained the following spells:

 Spells                   Type           Power      Damage    Failure   Level
 Scorch                   Fire           0%         2d5       94%         2
 Flame Wave               Conj/Fire      0%         2d4       100%        4
 Summon Cactus Giant      Summ           0%         N/A       100%        6


Dungeon Overview and Level Annotations

Branches:
Dungeon (2/15)

Altars:

Annotations:
D:2 Robin


Innate Abilities, Weirdness & Mutations

You are immune to sickness and miasma.
Your stone body is resilient. (AC +3)
You are immune to poison.
You resist negative energy. (rN+)
You are resistant to electric shocks. (rElec)
You are resistant to unholy torment.
You are immune to petrification.


Message History

You block the goblin's attack. The goblin hits you but does no damage.
Robin throws the goblin at you! The goblin hits you with a +0 dagger.
* * * LOW HITPOINT WARNING * * *
You block the hobgoblin's attack. The goblin hits you but does no damage.
You barely miss the goblin. The goblin hits you but does no damage.
The hobgoblin hits you but does no damage.
The goblin completely misses you.
You hit the goblin.
You kill the goblin!
You block the goblin's attack. Robin throws the goblin at you!
* * * LOW HITPOINT WARNING * * *
You barely miss the goblin. The hobgoblin barely misses you.
The goblin closely misses you.
Robin roars a battlecry!
The goblin hits you but does no damage.
The hobgoblin hits you but does no damage.
The hobgoblin closely misses you.
You sock the goblin!
You kill the goblin!
The hobgoblin barely misses you.
The hobgoblin hits you but does no damage.
Items here: ))))) †.
You hit the hobgoblin.
You kill the hobgoblin!
The hobgoblin no longer looks unusually strong.
You barely miss the hobgoblin.
The hobgoblin hits you but does no damage.
You hit the hobgoblin.
You kill the hobgoblin!
The hobgoblin barely misses you.
You hit the hobgoblin.
The hobgoblin is severely wounded.
The hobgoblin hits you but does no damage.
You sock the hobgoblin!
You kill the hobgoblin!
You barely miss Robin. Robin completely misses you.
Robin hits you with a +0 whip.
* * * LOW HITPOINT WARNING * * *
You closely miss Robin. Robin hits you with a +0 whip.
You die...

...##...## #+#######
#......... ........##
#......... .........#
#.........
......<..####.........
#............##.g.......
#.........##.##.........
..........##..##).#
#.........###.@g>##
+##.........########
.##..........# ..
.##.......)..####### .##
...................+ ...#
##................##....#
.#.#########......##....#
.#.#### ####+#........
##....# #######.#.......#


You could see Robin.

Vanquished Creatures
  An adder (D:2)
  3 dart slugs (D:1)
  3 endoplasms
  3 giant cockroaches
  9 goblins
  4 hobgoblins
  A quokka (D:1)
  5 ball pythons
  2 frilled lizards (D:1)
  2 kobolds (D:1)
  2 rats
35 creatures vanquished.

Notes
Turn   | Place    | Note
-------+----------+-------------------------------------------
     0 | D:1      | karrick the Gargoyle Fighter began the quest for the Orb.
     0 | D:1      | Reached XP level 1. HP: 14/14 MP: 1/1
   106 | D:1      | Reached XP level 2. HP: 19/19 MP: 2/2
   645 | D:1      | Found a faded altar of an unknown god.
   719 | D:1      | Reached XP level 3. HP: 24/24 MP: 3/3
  1260 | D:2      | Noticed Robin
  1287 | D:2      | Slain by Robin

Illustrated notes

Levels and vault maps discovered:
D:1:      reono_arrival_mine, layout_basic,
          dreamdust_ecumenical_altar_hidden_monk_grotto
D:2:      layout_basic, minmay_misc_feat_columns, uniq_robin,
          uniq_crazy_yiuf_cottage

Action                   || total
-------------------------++-------
Melee: Flail             ||    99
  Use: Potion            ||     1
Armor: Scale mail        ||    62
Dodge: Dodged            ||    45
Block: Buckler           ||    22
